 Dungeon Crawl Stone Soup version 0.21.1-1-g345015f (webtiles) character file.

123 equizz the Shield-Bearer (level 5, 0/41 HPs)
             Began as a Human Fighter on Mar 1, 2018.
             Slain by an orc wizard
             ... wielding a +0 dagger
              (4 damage)
             ... on level 3 of the Dungeon on Mar 6, 2018.
             The game lasted 00:12:51 (2128 turns).

equizz the Shield-Bearer (Human Fighter)            Turns: 2128, Time: 00:12:51

Health: 0/41       AC:  6    Str: 16    XL:     5   Next: 29%
Magic:  5/5        EV:  7    Int:  8    God:
Gold:   90         SH:  9    Dex: 14    Spells: 4/4 levels left

rFire    . . .     SeeInvis .   a - +1 war axe
rCold    . . .     Gourm    .   c - +0 shield
rNeg     . . .     Faith    .   b - +0 scale mail
rPois    .         Spirit   .   j - -2 helmet (curse)
rElec    .         Reflect  .   (no cloak)
rCorr    .         Harm     .   (no gloves)
MR       .....                  (no boots)
Stlth    ..........             (no amulet)
HPRegen  0.13/turn              (no ring)
MPRegen  0.09/turn              (no ring)

@: no status effects
A: no striking features
a: no special abilities


You were on level 3 of the Dungeon.
You were not hungry.

You visited 1 branch of the dungeon, and saw 3 of its levels.

You collected 90 gold pieces.

Inventory:

Hand Weapons
 a - a +1 war axe (weapon)
Armour
 b - a +0 scale mail (worn)
 c - a +0 shield (worn)
 j - a cursed -2 helmet (worn)
Wands
 m - a wand of paralysis (9)
Scrolls
 h - a scroll of fear
 i - 2 scrolls of identify
Potions
 d - a potion of might
 e - a potion of haste
 g - a potion of degeneration {unknown}
 n - a potion of heal wounds {unknown}
Comestibles
 f - 2 rations


   Skills:
 + Level 3.5 Fighting
 + Level 3.1 Axes
 + Level 3.5 Armour
 + Level 1.1 Dodging
 + Level 3.9 Shields


You had 4 spell levels left.
You didn't know any spells.

Dungeon Overview and Level Annotations

Branches:
Dungeon (3/15)

Altars:
Ashenzari


Message History

You block something's attack.
As you read the scroll of fog, it crumbles to dust.
The scroll dissolves into smoke.
You block something's attack.
The orc hits you from afar with a trident.
* * * LOW HITPOINT WARNING * * *
Something hits you but does no damage.
Items here: ) [ †† a morningstar; a chain mail; a rat corpse; an orc corpse You hear some strange, mumbled words.
A puff of flame appears from out of thin air!
The puff of flame misses you. You block something's attack.
Okay, then.
Something hits you but does no damage.
An orc wizard appears from thin air!
Reactivating autopickup.
You closely miss the orc wizard.
The orc wizard is moderately wounded.
The orc wizard hits you with a dagger.
You die...

#########§# #.# #§# #.# # ###
#§# #.# # #.# #§# #.# # #.# #§#
#.# # #.# ###§### #.# # #.#
#.§§o.# #.# ###.##
###.###o########.#
##...####...# #.@........##
###.#.....#.###.#######...#####
.##.#.#####.....# #..†.......#
#.#.#.# ###.### #.##...###.#
##..#.# #.....## ##.## #.#
#..#.# #####.# #.# #†# ##..#.#
#..# #.# #.#.#.# #. #..# #.#
.##.#.## #.##.##..# #.#


You could see an orc wizard and an orc.

Vanquished Creatures
  Robin (D:3)
  A gnoll (D:1)
  An adder (D:2)
  2 oozes (D:2)
  3 worms (D:2)
  A dart slug (D:1)
  A leopard gecko (D:3)
  2 orcs (D:3)
  6 bats (D:1)
  A giant cockroach (D:2)
  11 goblins
  11 hobgoblins
  A quokka (D:3)
  2 ball pythons (D:2)
  3 frilled lizards
  13 kobolds
  12 rats
72 creatures vanquished.

Notes
Turn   | Place    | Note
-------+----------+-------------------------------------------
     0 | D:1      | equizz the Human Fighter began the quest for the Orb.
     0 | D:1      | Reached XP level 1. HP: 18/18 MP: 1/1
   127 | D:1      | Reached XP level 2. HP: 24/24 MP: 2/2
   172 | D:1      | Reached XP level 3. HP: 11/29 MP: 3/3
   977 | D:2      | Reached XP level 4. HP: 27/35 MP: 4/4
  1169 | D:2      | Reached skill level 1 in Dodging
  1418 | D:2      | Found a shattered altar of Ashenzari.
  1750 | D:3      | Noticed Robin
  1773 | D:3      | Reached XP level 5. HP: 28/41 MP: 5/5
  1776 | D:3      | Killed Robin
  2128 | D:3      | Slain by an orc wizard

Skill      XL: |  1  2  3  4  5 |
---------------+----------------+-----
Dodging        | 1 |  1.1
Axes           | 3 |  3.1
Fighting       | |  3.5
Armour         | |  3.5
Shields        | |  3.9

Action                   |  1- 3 |  4- 6 || total
-------------------------+-------+-------++-------
Melee: War axe           |   118 |   111 ||   229
  Use: Scroll            |       |     6 ||     6
  Eat: Ration            |       |     2 ||     2
Armor: Scale mail        |    66 |    43 ||   109
Dodge: Dodged            |    34 |    28 ||    62
Block: Shield            |    59 |    56 ||   115
